AoeStats
← Turbo

Arabia

510527552Analyzed
1v1 RM · 2d ago on Oct 1, 2026· 38m 53s· 2 players
Game mode
Random Map
Map size
Tiny (2 player)
Population
200
Speed
Normal
Resources
Standard
Victory
Conquest
Starting age
Dark Age
Ending age
Imperial Age
RankedLock teamsTeams togetherTeam positionsShared explorationLock speedFull tech treeHidden civsTurbo modeCheats
Victory
Defeat
🇺🇾 Malay · Uruguay
736
+16
🇫🇷 Poles · France
743
-16
Kakeiro
7:54 Loom
10:08 Feudal Age
10:47 Man-at-Arms
12:53 Forging
15:38 Arson
21:29 Double-Bit Axe
21:28 Horse Collar
23:49 Castle Age
21:43 Gold Mining
22:51 Long Swordsman
23:32 Squires
26:00 Iron Casting
28:07 Wheelbarrow
27:18 Town Watch
28:43 Bow Saw
30:55 Hand Cart
33:49 Heavy Plow
37:54 Imperial Age
36:47 Capped Ram
38:07 Conscription
38:06 Husbandry
Turbo
5:32 Loom
10:47 Feudal Age
23:11 Bloodlines
25:33 Castle Age
36:13 Husbandry
36:59 Wheelbarrow
36:15 Horse Collar
37:05 Crossbowman
38:11 Padded Archer Armor
38:18 Scale Barding Armor
Connection lost

Rejoining the realm…

Still unreachable

The connection could not be restored.

Session expired

The server has moved on; the page needs a fresh start.